 Dungeon Crawl Stone Soup version 0.28-a0-655-g4eb62b627b (webtiles) character file.

Game seed: 3375679239443050638

1701 porpoise the Thaumaturge (level 8, -2/41 HPs)
             Began as a Deep Elf Conjurer on Oct 13, 2021.
             Was an Initiate of Vehumet.
             Killed from afar by Maggie (17 damage)
             ... with a bolt of fire
             ... on level 7 of the Dungeon.
             The game lasted 00:22:25 (9219 turns).

porpoise the Thaumaturge (Deep Elf Conjurer)        Turns: 9219, Time: 00:22:25

Health: -2/41      AC:  5    Str:  5    XL:     8   Next: 73%
Magic:  10/23      EV: 12    Int: 25    God:    Vehumet [......]
Gold:   191        SH:  0    Dex: 13    Spells: 14/25 levels left

rFire   . . .      SeeInvis .   b - +3 hunting sling (freeze)
rCold   . . .      Faith    .   (no shield)
rNeg    . . .      Spirit   .   j - +0 robe
rPois   .          Reflect  .   (no helmet)
rElec   .          Harm     .   (no cloak)
rCorr   .          Rampage  .   g - +1 pair of gloves
Will    .....                   c - +0 pair of boots
Stlth   ++........              (no amulet)
HPRegen 0.13/turn               (no ring)
MPRegen 0.18/turn               (no ring)

@: no status effects
A: no striking features
a: Renounce Religion


You were on level 7 of the Dungeon.
You worshipped Vehumet.
Vehumet was noncommittal.
You visited 2 branches of the dungeon, and saw 8 of its levels.

You collected 191 gold pieces.

Inventory:

Hand Weapons
 a - a +1 mace of holy wrath
 b - a +3 hunting sling of freezing (weapon)
 i - the +5 whip of Dullness {flame, rPois Str+2 SInv}
   (You found it on level 6 of the Dungeon)

   It burns those it strikes, dealing additional fire damage.
   Str:       It affects your strength (+2).
   rPois:     It protects you from poison.
   SInv:      It lets you see invisible.
Missiles
 e - 231 stones (quivered ammo)
 m - 44 sling bullets
 s - 3 poisoned darts
 B - a boomerang
Armour
 c - a +0 pair of boots (worn)
 g - a +1 pair of gloves (worn)
 j - a +0 robe (worn)
 y - the +2 leather armour of Masat {Str+3 Slay+2}
   (You found it on level 5 of the Dungeon)

   Str:       It affects your strength (+3).
   Slay:      It affects your accuracy & damage with ranged weapons and melee
   (+2).
Wands
 w - a wand of polymorph (5)
 x - a wand of acid (17)
Potions
 d - a potion of might {unknown}
 f - 4 potions of curing
 h - a potion of lignification {unknown}
 k - a potion of mutation {unknown}
 l - 2 potions of heal wounds {unknown}
 o - a potion of invisibility {unknown}
 p - a potion of magic {unknown}
 u - 3 potions of flight {unknown}


   Skills:
 + Level 0.1 Fighting
 - Level 2.4 Dodging
 - Level 2.4 Stealth
 - Level 9.0 Spellcasting
 - Level 7.0 Conjurations
 - Level 7.0 Hexes
 + Level 5.7 Translocations


You had 14 spell levels left.
You knew the following spells:

 Your Spells              Type           Power      Damage    Failure   Level
a - Magic Dart            Conj           100%       1d8       1%          1
b - Searing Ray           Conj           92%        2d7       1%          2
c - Fulminant Prism       Conj/Hex       23%        3d13      3%          4
d - Iskenderun's Mystic   Conj/Tloc      43%        2d10      4%          4

Your spell library contained the following spells:

 Spells                   Type           Power      Damage    Failure   Level
 Dazzling Flash           Conj/Hex       92%        N/A       1%          3
 Gell's Gravitas          Tloc           19%        N/A       1%          3
 Lesser Beckoning         Tloc           39%        N/A       1%          3
 Teleport Other           Tloc           39%        N/A       1%          3


Dungeon Overview and Level Annotations

Branches:
Dungeon (7/15)             Temple (1/1) D:4

Altars:
Cheibriados
Hepliaklqana
Trog
Vehumet
The Shining One

Shops:
D:1 [*!   D:2 *

Annotations:
D:5 1 runed translucent door, lawman0's ghost, weakling SpDe
D:7 Maggie


Message History

Maggie mumbles some strange words.
Maggie attempts to bespell you! You resist with almost no effort.
Your fulminant prism crackles loudly.
Your fulminant prism explodes!
Casting: Fulminant Prism (dangerous; 3% risk of failure)
Confirm with . or Enter, or press ? or * to list all spells.
Aiming: Fulminant Prism (dangerous; 3% risk of failure)
Press: ? - help, Dir - move target You conjure a prism of explosive energy!
A fulminant prism comes into view.
Your fulminant prism crackles loudly.
Maggie gestures at you while chanting.
The bolt of fire hits your fulminant prism.
Your fulminant prism resists.
The bolt of fire hits you!!
Ouch! That really hurt!
Your fulminant prism explodes!
The blast of energy engulfs Maggie!!
Maggie is almost dead.
Casting: Fulminant Prism (dangerous; 3% risk of failure)
Confirm with . or Enter, or press ? or * to list all spells.
Aiming: Fulminant Prism (dangerous; 3% risk of failure)
Press: ? - help, Dir - move target You conjure a prism of explosive energy!
A fulminant prism comes into view.
Maggie mumbles the words to a spell, but in the wrong order.
Casting: Fulminant Prism (dangerous; 3% risk of failure)
Confirm with . or Enter, or press ? or * to list all spells.
You can't see any susceptible monsters within range! (Use Z to cast anyway.)
Casting: Fulminant Prism (dangerous; 3% risk of failure)
Confirm with . or Enter, or press ? or * to list all spells.
Aiming: Searing Ray (safe; 1% risk of failure)
Press: ? - help, Shift-Dir - straight line, f - Maggie
Aim: Maggie, wielding a +0 broad axe and wearing +1 swamp dragon scales (almost dead, ally target, 84% to hit)
The searing ray hits Maggie but does no damage.
Maggie is almost dead. (Press . to maintain the ray.) Maggie casts a spell at you.
The bolt of fire hits you!
You die...

#########+####
#............#
#............# #
#............# .#
###............# #.#
#..............##.#.#.#
#...#######'####.*.....
#...# #..@..# #...#
######.@..... #...#
#.#.#.# #...########
... #...'....... #@#
#...######### ..(
#...'.#.....# #(#
#...#.#.###.# ..
#####.#.###.#####.#


You could see Maggie (ally target) and a friendly fulminant prism.

Vanquished Creatures
  Grinder (D:6)
  A vampire mosquito (D:7)
  Eustachio (D:4)
  Edmund (D:6)
  A water moccasin (D:6)
  An orc warrior (D:6)
  An ice beast (D:7)
  2 centaurs
  A phantom (D:6)
  A scorpion (D:4)
  A bullfrog zombie (D:6)
  3 hounds
  3 iguanas
  7 orc wizards
  A killer bee zombie (D:7)
  2 howler monkey zombies
  4 adders
  A river rat (D:6)
  A white imp (D:6)
  An ufetubus (D:6)
  An adder skeleton (D:4)
  2 dart slugs
  8 orcs
  6 ball pythons
  4 bats
  6 endoplasms
  4 giant cockroaches
  3 goblins
  4 hobgoblins
  9 kobolds
  6 quokkas
  5 frilled lizards
  7 rats
100 creatures vanquished.

Vanquished Creatures (others)
  14 fulminant prisms
  2 withered plants (D:5)
16 creatures vanquished.

Grand Total: 116 creatures vanquished

Notes
Turn   | Place    | Note
-------+----------+-------------------------------------------
     0 | D:1      | porpoise the Deep Elf Conjurer began the quest for the Orb.
     0 | D:1      | Reached XP level 1. HP: 10/10 MP: 6/6
   266 | D:1      | Reached XP level 2. HP: 15/15 MP: 3/8
   269 | D:1      | Learned a level 2 spell: Searing Ray
   329 | D:1      | Found Yniyn's Armour Boutique.
   337 | D:1      | Found Dopeniow's General Store.
   708 | D:1      | Found Uniusch Dixi's Distillery.
   715 | D:1      | Reached skill level 4 in Spellcasting
   837 | D:1      | Reached XP level 3. HP: 19/19 MP: 8/10
   930 | D:2      | Reached skill level 5 in Conjurations
  1386 | D:2      | Found a faded altar of an unknown god.
  1774 | D:2      | Found Ipliddoo's General Store.
  2367 | D:3      | Reached XP level 4. HP: 24/24 MP: 8/12
  2501 | D:3      | Learned a level 4 spell: Fulminant Prism
  2506 | D:3      | Learned a level 4 spell: Iskenderun's Mystic Blast
  2890 | D:4      | Found a staircase to the Ecumenical Temple.
  2901 | Temple   | Entered the Ecumenical Temple
  2908 | Temple   | Became a worshipper of Vehumet
  3110 | D:4      | Reached skill level 1 in Hexes
  3154 | D:4      | Noticed a scorpion
  3159 | D:4      | Killed a scorpion
  3160 | D:4      | Reached skill level 5 in Spellcasting
  3160 | D:4      | Reached XP level 5. HP: 28/28 MP: 8/14
  3545 | D:4      | Noticed Eustachio
  3553 | D:4      | Killed Eustachio
  3554 | D:4      | Reached skill level 6 in Spellcasting
  3554 | D:4      | Reached XP level 6. HP: 20/32 MP: 6/17
  3852 | D:5      | Entered Level 5 of the Dungeon
  3873 | D:5      | Reached skill level 7 in Spellcasting
  3873 | D:5      | Reached skill level 5 in Hexes
  4143 | D:5      | Identified the +2 leather armour of Masat {Str+3 Slay+2}
  4159 | D:5      | Found a runed translucent door.
  4159 | D:5      | Noticed lawman0's ghost (weakling SpDe)
  4647 | D:5      | Reached skill level 1 in Translocations
  4766 | D:5      | Reached XP level 7. HP: 36/36 MP: 14/19
  6014 | D:6      | Identified the +5 whip of Dullness {flame, rPois Str+2
                  | SInv}
  6297 | D:6      | Noticed Edmund
  6314 | D:6      | Killed Edmund
  7765 | D:6      | Noticed Grinder
  7771 | D:6      | Killed Grinder
  7772 | D:6      | Reached skill level 5 in Translocations
  7772 | D:6      | Reached XP level 8. HP: 41/41 MP: 9/21
  8327 | D:6      | Reached skill level 8 in Spellcasting
  8908 | D:7      | Reached skill level 9 in Spellcasting
  9209 | D:7      | Noticed Maggie
  9219 | D:7      | Killed from afar by Maggie

Illustrated notes

Levels and vault maps discovered:
D:1:      heliophobic_arrival_battle_scene, layout_rooms, serial_shops, shop,
          shop, nicolae_shop_waterfront
D:2:      layout_loops_ring, serial_shops, nicolae_square_shop,
          basic_ecumenical_altar
D:3:      layout_rooms, serial_aquarium, aquarium_bridge_square
          [aquarium_subvault_bridge, aquarium_subvault_wall,
          aquarium_subvault_window, aquarium_subvault_bridge],
          aquarium_bridge_long_joined [aquarium_subvault_bridge,
          aquarium_subvault_window, aquarium_subvault_bridge,
          aquarium_subvault_bridge, aquarium_subvault_balcony,
          aquarium_subvault_bridge], aquarium_window_corridor_2,
          aquarium_window_1, aquarium_view_2d, aquarium_view_2a,
          minmay_distorted
D:4:      layout_basic, minmay_temple_entry_wispy, uniq_eustachio
D:5:      layout_loops_cross, gammafunk_ghost_grave
D:6:      layout_loops_ring, gup_sewer_entry_bowl, item_on_display_a,
          uniq_grinder, uniq_edmund
D:7:      layout_basic, enter_bailey_3, st_stairs_12, uniq_maggie, uniq_harold
Temple:   nicolae_temple_the_god_donut

Skill      XL: |  1  2  3  4  5  6  7  8 |
---------------+-------------------------+-----
Spellcasting   | 4 5 6 7 9 |  9.0
Conjurations   | 5 7 |  7.0
Hexes          | 2 4 5 7 |  7.0
Translocations | 1 5 |  5.7
Fighting       | |  0.1
Dodging        | |  2.4
Stealth        | |  2.4

Action                   |  1- 3 |  4- 6 |  7- 9 || total
-------------------------+-------+-------+-------++-------
Melee: Mace              |       |       |     5 ||     5
 Fire: Hunting sling     |     2 |    28 |    14 ||    44
 Cast: Magic Dart        |    77 |       |       ||    77
       Searing Ray       |     3 |    18 |    29 ||    50
       Fulminant Prism   |       |       |    15 ||    15
       Iskenderun's Myst |       |       |     3 ||     3
Evoke: Wand              |       |       |     5 ||     5
  Use: Scroll            |       |       |    10 ||    10
Armor: Robe              |     1 |     1 |    11 ||    13
Dodge: Dodged            |     2 |    12 |    32 ||    46

Table legend: (Time is in decaauts)
 A = Elapsed time spent in this place.
 B = Non-inter-level travel time spent in this place.
 C = Inter-level travel time spent in this place.
 D = Time resting spent in this place.
 E = Time spent auto-exploring this place.
 F = Levels seen in this place.
 G = Mean time per level.
                   A        B        C        D        E       F      G
               +--------+--------+--------+--------+--------+-----+--------+
         Total |   9238 |   8982 |    256 |   5039 |   3086 |   8 | 1154.8 |
       Dungeon |   9226 |   8970 |    256 |   5039 |   3086 |   7 | 1318.0 |
        Temple |     11 |     11 |      0 |      0 |      0 |   1 |   11.0 |
               +--------+--------+--------+--------+--------+-----+--------+

Top non-repeatable levels by time:
     D:6: 2761 daAuts
     D:5: 2489 daAuts
     D:2: 1113 daAuts
     D:4: 1017 daAuts
     D:1: 924 daAuts
     D:3: 784 daAuts
     D:7: 134 daAuts
  Temple: 11 daAuts
